 Dungeon Crawl Stone Soup version 0.22-a0-354-g30dfbe6 (webtiles) character file.

60779 tilp the Impaler (level 15, -3/110 HPs)
             Began as a Merfolk Ice Elementalist on Apr 14, 2018.
             Was a High Priest of Makhleb.
             Slain by a ghost moth (shapeshifter) (9 damage)
             ... on level 13 of the Dungeon on Apr 16, 2018.
             The game lasted 02:33:21 (35443 turns).

tilp the Impaler (Merfolk Ice Elementalist)        Turns: 35443, Time: 02:33:23

Health: -3/110     AC: 13    Str: 12 (13) XL:     15   Next: 0%
Magic:  0/24       EV: 19    Int: 23 (24) God:    Makhleb [*****.]
Gold:   541        SH:  0    Dex: 17      Spells: 1/26 levels left

rFire    . . .     SeeInvis .   D - +0 glaive
rCold    + . .     Gourm    +   (shield currently unavailable)
rNeg     . . .     Faith    .   z - +2 robe {Archmagi}
rPois    .         Spirit   .   M - +1 hat
rElec    +         Reflect  .   Y - +2 cloak "Oneywn" {+Fly rElec Slay+2}
rCorr    .         Harm     .   t - +2 pair of gloves
MR       +....     NoTele   +   d - +1 pair of boots "Boxkipat" {-Tele +Inv Int+3 Dex+3}
Stlth    +++.......             K - amulet of the gourmand
HPRegen  0.28/turn              H - +4 ring of strength
MPRegen  0.19/turn              N - ring of protection from cold

@: no status effects
A: change form in water, swift swim, stealthy swim
a: Minor Destruction, Lesser Servant of Makhleb, Major Destruction, Greater
Servant of Makhleb, Renounce Religion, Evoke Invisibility, Evoke Flight


You were on level 13 of the Dungeon.
You worshipped Makhleb.
Makhleb was extremely pleased with you.
You were completely stuffed.

You visited 3 branches of the dungeon, and saw 21 of its levels.
You visited the Abyss 1 time.
You also visited: Ice Cave and Volcano.

You collected 2555 gold pieces.
You spent 2014 gold pieces at shops.

Inventory:

Hand Weapons
 D - a +0 glaive (weapon)
 S - a +0 halberd
Missiles
 F - 33 tomahawks
 V - 2 poisoned tomahawks (quivered)
Armour
 d - the +1 pair of boots "Boxkipat" (worn) {-Tele +Inv Int+3 Dex+3}
   (You found it in an ice cave)

   It affects your intelligence (+3).
   It affects your dexterity (+3).
   It lets you turn invisible.
   It prevents most forms of teleportation.
 e - a scarf of resistance
 p - a +1 pair of gloves of strength
 r - a scarf of cloud immunity
 t - a +2 pair of gloves (worn)
 v - a +0 pair of boots
 z - a +2 robe of the Archmagi (worn)
 J - a +3 leather armour of fire resistance
 M - a +1 hat (worn)
 Y - the +2 cloak "Oneywn" (worn) {+Fly rElec Slay+2}
   (You found it on level 10 of the Dungeon)

   It affects your accuracy and damage with ranged weapons and melee attacks
   (+2).
   It insulates you from electricity.
   It lets you fly.
Magical Staves
 W - an uncursed staff of cold
Jewellery
 q - an uncursed ring of magical power
 s - an uncursed amulet of guardian spirit
 H - a +4 ring of strength (left hand)
 K - an amulet of the gourmand (around neck)
 N - a ring of protection from cold (right hand)
 P - an uncursed ring of fire
Wands
 a - a wand of iceblast (32)
 f - a wand of scattershot (12)
 n - a wand of flame (67)
 L - a wand of enslavement (30)
 X - a wand of disintegration (9)
Scrolls
 h - a scroll of fear
 i - 9 scrolls of remove curse
 k - 7 scrolls of amnesia
 w - 5 scrolls of fog
 x - a scroll of vulnerability
 y - 7 scrolls of teleportation
 G - 3 scrolls of enchant weapon
 O - 2 scrolls of blinking
 T - 2 scrolls of magic mapping
Potions
 b - 4 potions of flight
 g - 2 potions of resistance
 j - 4 potions of haste
 l - 3 potions of agility
 m - 2 potions of mutation
 u - 8 potions of curing
 B - 6 potions of brilliance
 C - a potion of cancellation
 E - 2 potions of ambrosia
 I - 3 potions of magic
 U - 5 potions of might
 Z - a potion of invisibility {unknown}
Miscellaneous
 o - a lightning rod (4/4)
 Q - a lamp of fire
Comestibles
 c - 21 rations
 A - 4 chunks of flesh


   Skills:
 - Level 8.0 Fighting
 - Level 20.0 Polearms
 - Level 10.0 Dodging
 - Level 4.1 Stealth
   Level 4.0 Shields
 + Level 6.2 Spellcasting
 - Level 4.0 Conjurations
 - Level 6.0 Charms
 - Level 14.0 Ice Magic
 - Level 6.0 Invocations
 - Level 4.2 Evocations


You had one spell level left.
You knew the following spells:

 Your Spells              Type           Power        Failure   Level  Hunger
a - Freeze                Ice            ####         1%          1    None
b - Throw Frost           Conj/Ice       ######       1%          2    None
c - Ozocubu's Armour      Chrm/Ice       ######..     1%          3    #......
d - Throw Icicle          Conj/Ice       ######..     1%          4    ###....
e - Swiftness             Chrm/Air       ####....     3%          2    None
f - Regeneration          Chrm/Necr      ####......   7%          3    #......
g - Animate Skeleton      Necr           N/A          9%          1    None
h - Ozocubu's Refrigerat  Ice            #######...   4%          6    ######.
i - Spectral Weapon       Hex/Chrm       ####....     7%          3    #......


Dungeon Overview and Level Annotations

Branches:
Dungeon (14/15)            Temple (0/1) D:5            Lair (5/6) D:10
  Swamp (0/4) Lair:4       Spider (0/4) Lair:2          Orc (2/2) D:10
    Elf (0/3) Orc:2        Vaults (0/5) D:13
  Slime: Lair:5-6

Altars:
Ashenzari
Dithmenos
Fedhas
Gozag
Kikubaaqudgha
Makhleb
Nemelex Xobeh
Ru
Trog
Xom
Yredelemnul
Zin

Shops:
D:5 !   D:7 (   Orc:1 !   Orc:2 *[:(:

Annotations:
D:6 Prince Ribbit
D:12 Thaneod's ghost, journeyman DsBe
Lair:1 spriggan vault behind trans rock
Lair:5 Snorg


Message History

You don't have enough magic to cast that spell.
Take off which item? (? for menu, Esc to quit)
You feel you are being watched by something.
Something barely misses you. Something hits you.
Keep disrobing?
* * * LOW HITPOINT WARNING * * *
You feel dopey. Something stings you.
* * * LOW HITPOINT WARNING * * *
You start removing your armour.
You continue taking off the +1 pair of boots "Boxkipat" {-Tele +Inv Int+3 Dex+3}.
You feel you are being watched by something.
Something barely misses you. Something hits you!
* * * LOW HITPOINT WARNING * * *
Something stings you.
* * * LOW HITPOINT WARNING * * *
You continue taking off the +1 pair of boots "Boxkipat" {-Tele +Inv Int+3 Dex+3}.
You feel you are being watched by something.
Something completely misses you. Something hits you!
You die...

#########...# ##.#.#.#.#.#.##
#.............## ###
###########.#.#<#.#.#.... ..#
#.......##.............## ..#
#.......###.#.#.#.#.#..## ..###
#.......##.............##
..'.#####.......###.#.#.#.#.#..##
..#.....#......{@..........[.....
..#####.'.......###.#.#.#.#.#..#.
....#####.......##...............
..#.).......#######.#.#.#.#.#...#
..#.#.#.#.#.### #............#..
.##...........# ##.#.#.#.#.#.#.#
..#.#.#.#.#.#'####............#..
.................##.#.#.#.#.#.#.#
##..#.#.#.#......#.........(..#..


There were no monsters in sight!

Vanquished Creatures
  An orc warlord (Orc:2)
  The ghost of GameOver the Destroyer, a journeyman NaFE of Cheibriados (D:13)
  4 hydras
  Erolcha (Orc:2)
  A catoblepas (D:14)
  A centaur warrior (D:13)
  A two-headed ogre (D:14)
  Erica (D:9)
  An ogre mage (Orc:2)
  3 orc high priests
  A wizard (D:13)
  An orc knight (Orc:1)
  A necromancer (IceCv)
  4 ugly things
  2 deep elf magi
  5 orc sorcerers
  A manticore (D:13)
  4 elephants
  3 cyclopes
  A black mamba (Lair:3)
  A smoke demon (Abyss:1)
  3 ice statues (IceCv)
  A centaur zombie (D:11)
  A torpor snail (Lair:4)
  2 gargoyles
  Psyche (D:8)
  2 kobold demonologists
  6 spiny frogs
  An efreet (Volcano)
  2 rime drakes (Lair:4)
  3 komodo dragons
  4 ice devils (IceCv)
  2 hornets
  8 trolls
  Grinder (D:5)
  A raiju (Abyss:1)
  14 slime creatures
  2 blink frogs
  11 hippogriffs
  5 dream sheep
  A redback (Lair:2)
  32 yaks
  A wraith (D:8)
  A vampire (D:12)
  A human (shapeshifter) (D:14)
  Grum (D:9)
  A basilisk (D:12)
  2 wyverns
  3 hungry ghosts
  2 wargs (Orc:2)
  A soldier ant (D:12)
  A naga (shapeshifter) (Abyss:1)
  5 water moccasins
  Duvessa (D:7)
  2 phantoms
  A porcupine (Lair:2)
  5 sky beasts
  2 black bears
  A hornet zombie (D:8)
  5 ice beasts
  30 orc warriors
  2 necrophages (D:8)
  2 centaurs
  16 ogres
  A manticore zombie (Abyss:1)
  5 wolves
  9 crocodiles
  The ghost of Anon1729 the Firebug, an amateur DsFE (D:3)
  5 big kobolds
  2 elf zombies (D:8)
  20 bullfrogs
  A wyvern zombie (D:13)
  An elf skeleton (D:8)
  Dowan (D:7)
  A small abomination (Abyss:1)
  2 scorpions
  48 killer bees
  8 wights
  2 vampire bats (Lair:4)
  4 electric eels
  7 howler monkeys
  3 crimson imps
  3 bullfrog zombies
  A wyvern simulacrum (D:10)
  2 human zombies (D:8)
  6 centaur skeletons
  2 hounds
  2 jellies
  15 orc priests
  2 iguanas
  A troll simulacrum (IceCv)
  30 orc wizards
  8 worker ants
  A bullfrog simulacrum (D:10)
  4 centaur simulacra (IceCv)
  A hound skeleton (D:4)
  A mummy (D:8)
  4 naga simulacra (IceCv)
  An ogre simulacrum (IceCv)
  6 adders
  A river rat (Lair:5)
  3 shadow imps
  4 white imps
  An ufetubus (D:10)
  2 oozes
  2 adder skeletons
  2 worms (D:2)
  8 leopard geckos
  62 orcs
  A ball python (D:2)
  12 bats
  4 giant cockroaches
  5 hobgoblins
  13 jackals
  13 kobolds
  3 quokkas
  A ball python skeleton (D:6)
  5 frilled lizards
  2 goblins
  A jackal skeleton (D:6)
  2 rats
  A fungus (D:13)
  A plant (Lair:5)
588 creatures vanquished.

Vanquished Creatures (collateral kills)
  A hydra (D:12)
  The ghost of TheNamelessOne the Cleaver, a novice DsGl of Qazlal (D:9)
  A centaur warrior (D:12)
  A phantasmal warrior (D:13)
  An orc sorcerer (Orc:2)
  2 gargoyles (Volcano)
  3 centaur skeletons
  A blink frog (Lair:1)
  6 yaks
  A basilisk (Lair:1)
  A warg (Orc:2)
  A porcupine (Lair:2)
  An orc warrior (D:12)
  2 bullfrogs
  An orc wizard (D:12)
  An orc (Orc:2)
25 creatures vanquished.

Vanquished Creatures (others)
  A shadow (D:12)
  An orc (Orc:2)
  5 fungi
  4 plants
  6 spectral weapons
  4 starspawn tentacles (Abyss:1)
21 creatures vanquished.

Grand Total: 634 creatures vanquished

Notes
Turn   | Place    | Note
-------+----------+-------------------------------------------
     0 | D:1      | tilp the Merfolk Ice Elementalist began the quest for the Orb.
     0 | D:1      | Reached XP level 1. HP: 13/13 MP: 3/3
   572 | D:1      | Reached XP level 2. HP: 19/19 MP: 3/5
   576 | D:1      | Learned a level 2 spell: Throw Frost
  1475 | D:2      | Found a shadowy altar of Dithmenos.
  1830 | D:2      | Reached XP level 3. HP: 24/24 MP: 6/6
  1844 | D:2      | Learned a level 3 spell: Ozocubu's Armour
  1872 | D:2      | Found a glowing silver altar of Zin.
  1874 | D:2      | Noticed an angel
  1879 | D:2      | Found a shimmering altar of Xom.
  2084 | D:2      | Found an opulent altar of Gozag.
  2691 | D:3      | Reached skill level 5 in Ice Magic
  2691 | D:3      | Reached XP level 4. HP: 11/30 MP: 2/7
  3223 | D:3      | Reached XP level 5. HP: 15/35 MP: 1/8
  3509 | D:3      | Noticed Anon1729's ghost (amateur DsFE)
  3515 | D:3      | Killed Anon1729's ghost
  3846 | D:3      | Reached skill level 1 in Shields
  3846 | D:3      | Reached XP level 6. HP: 36/41 MP: 0/9
  3850 | D:3      | Found a burning altar of Makhleb.
  4028 | D:3      | Became a worshipper of Makhleb the Destroyer
  4321 | D:4      | Noticed a sky beast
  4538 | D:4      | Reached XP level 7. HP: 14/46 MP: 3/10
  4930 | D:4      | Noticed a hippogriff
  5019 | D:4      | Reached skill level 1 in Fighting
  5139 | D:4      | Found a sacrificial altar of Ru.
  5149 | D:4      | Found a bloodstained altar of Trog.
  5401 | D:5      | Entered Level 5 of the Dungeon
  5781 | D:5      | Found a sparkling altar of Nemelex Xobeh.
  5901 | D:5      | Noticed Grinder
  6005 | D:5      | Found a staircase to the Ecumenical Temple.
  6099 | D:5      | Found a blossoming altar of Fedhas.
  6132 | D:5      | Found Liykop's Distillery.
  6135 | D:5      | Bought a potion of degeneration for 14 gold pieces
  6135 | D:5      | Bought a potion of lignification for 42 gold pieces
  6135 | D:5      | Bought 2 potions of curing for 84 gold pieces
  6135 | D:5      | Bought a potion of brilliance for 56 gold pieces
  6138 | D:5      | Bought a potion of agility for 56 gold pieces
  6196 | D:5      | Reached skill level 5 in Dodging
  6318 | D:5      | Reached skill level 1 in Charms
  6391 | D:5      | Reached XP level 8. HP: 20/58 MP: 11/11
  7058 | D:6      | Reached skill level 1 in Conjurations
  7161 | D:6      | Reached * piety under Makhleb
  7469 | D:6      | Noticed Prince Ribbit
  7802 | D:7      | You fall through a shaft for 2 floors!
  7897 | D:9      | Noticed a troll
  7949 | D:9      | Noticed a troll
  8247 | D:8      | Noticed Psyche
  8268 | D:7      | Noticed a hippogriff
  8508 | D:7      | Found Vesh's Weapon Emporium.
  8542 | D:7      | Reached XP level 9. HP: 56/64 MP: 4/15
  8632 | D:7      | Reached skill level 1 in Evocations
  9035 | D:7      | Found an ancient bone altar of Kikubaaqudgha.
  9088 | D:7      | Noticed Duvessa
  9307 | D:7      | Noticed Dowan
  9430 | D:8      | Reached ** piety under Makhleb
  9589 | D:8      | Reached skill level 1 in Invocations
  9647 | D:8      | Learned a level 4 spell: Throw Icicle
  9650 | D:8      | Learned a level 2 spell: Swiftness
  9891 | D:8      | Found a basalt altar of Yredelemnul.
 10279 | D:8      | Reached skill level 5 in Invocations
 10905 | D:8      | Reached XP level 10. HP: 70/70 MP: 11/16
 11061 | D:8      | Noticed a three-headed hydra
 11069 | D:8      | Killed a one-headed hydra
 11069 | D:8      | Reached skill level 10 in Ice Magic
 11545 | D:9      | Noticed Erica
 11653 | D:9      | Noticed TheNamelessOne's ghost (novice DsGl)
 12236 | D:9      | Reached skill level 5 in Fighting
 12355 | D:9      | Found a shattered altar of Ashenzari.
 12493 | D:9      | Found a basalt altar of Yredelemnul.
 12551 | D:10     | Entered Level 10 of the Dungeon
 12707 | D:10     | Noticed a deep elf mage
 12718 | D:10     | Killed a deep elf mage
 12962 | D:10     | Reached *** piety under Makhleb
 13153 | D:10     | Reached XP level 11. HP: 45/81 MP: 4/17
 13175 | D:10     | Reached skill level 1 in Polearms
 13177 | D:10     | Reached skill level 2 in Polearms
 13381 | D:10     | Reached skill level 4 in Polearms
 13389 | D:10     | Got a bloodstained cloak
 13492 | D:10     | Found a staircase to the Orcish Mines.
 13624 | D:10     | Reached skill level 5 in Polearms
 13703 | D:10     | Found a staircase to the Lair.
 13725 | D:10     | Identified the +2 cloak "Oneywn" {+Fly rElec Slay+2} (You found it on level 10 of the Dungeon)
 13859 | D:10     | Noticed a white ugly thing
 13883 | D:10     | Killed a white ugly thing
 13883 | D:10     | Reached skill level 6 in Polearms
 13927 | D:10     | Reached skill level 7 in Polearms
 14159 | D:5      | Killed Grinder
 14159 | D:5      | Reached skill level 8 in Polearms
 14456 | Lair:1   | Entered Level 1 of the Lair of Beasts
 14490 | D:10     | Reached skill level 9 in Polearms
 14974 | D:10     | Reached skill level 10 in Polearms
 15305 | D:10     | Learned a level 3 spell: Regeneration
 15307 | D:10     | Learned a level 1 spell: Animate Skeleton
 15375 | Lair:1   | Reached skill level 11 in Polearms
 15903 | Lair:1   | Reached skill level 12 in Polearms
 16413 | Lair:1   | Reached **** piety under Makhleb
 16644 | Lair:1   | Upgraded the game from 0.22-a0-352-gc608dd7 to 0.22-a0-353-g2d6336e
 16762 | Lair:1   | Reached skill level 13 in Polearms
 16794 | Lair:1   | Reached XP level 12. HP: 61/88 MP: 18/18
 17850 | Lair:1   | Reached skill level 14 in Polearms
 18090 | Lair:2   | Found a dark tunnel.
 18099 | Volcano  | Entered a volcano
 18311 | Volcano  | Reached skill level 15 in Polearms
 18404 | Lair:2   | Found a hole to the Spider Nest.
 19362 | Lair:2   | Reached skill level 16 in Polearms
 19636 | Lair:3   | Reached skill level 5 in Spellcasting
 20927 | Lair:4   | Noticed a six-headed hydra
 20965 | Lair:4   | Killed a seven-headed hydra
 20965 | Lair:4   | HP: 3/88 [rime drake/flash freeze (13)]
 20971 | Lair:4   | Reached XP level 13. HP: 34/93 MP: 8/22
 21438 | Lair:4   | Found a staircase to the Swamp.
 22032 | Lair:5   | Noticed Snorg
 22494 | D:7      | Killed Duvessa
 22498 | D:7      | Killed Dowan
 22952 | D:8      | Cast into level 1 of the Abyss (Psyche)
 23207 | Abyss:1  | Found a corrupted altar of Lugonu.
 23229 | Abyss:1  | Noticed a great orb of eyes
 23254 | Abyss:1  | Noticed a blizzard demon
 23327 | Abyss:1  | Noticed a deep elf elementalist
 23345 | Abyss:1  | Noticed a starcursed mass
 23347 | Abyss:1  | Noticed an angel
 23415 | Abyss:1  | Noticed a tentacled starspawn
 23420 | Abyss:1  | Noticed a deep elf elementalist
 23439 | Abyss:1  | Noticed a great orb of eyes
 23461 | Abyss:1  | Noticed a starcursed mass
 23560 | D:8      | Escaped the Abyss
 23582 | D:8      | Killed Psyche
 23791 | D:9      | Killed Erica
 23931 | D:9      | Killed TheNamelessOne's ghost
 24048 | D:9      | Noticed Grum
 24065 | D:9      | Killed Grum
 24120 | Orc:1    | Entered Level 1 of the Orcish Mines
 24387 | Orc:1    | Found Amif's Distillery.
 24421 | Orc:1    | Bought a potion of heal wounds for 65 gold pieces
 24554 | Orc:2    | Entered Level 2 of the Orcish Mines
 24586 | Orc:1    | Reached skill level 10 in Dodging
 24727 | Orc:2    | Upgraded the game from 0.22-a0-353-g2d6336e to 0.22-a0-354-g30dfbe6
 24730 | Orc:2    | Noticed an orc warlord
 24744 | Orc:1    | Reached skill level 5 in Charms
 25041 | Orc:2    | Found Yfuskint's Antique Weapon Emporium.
 25048 | Orc:2    | Found a staircase to the Elven Halls.
 25128 | Orc:2    | Found a frozen archway.
 25147 | IceCv    | Entered an ice cave
 25182 | IceCv    | Reached ***** piety under Makhleb
 26398 | IceCv    | Got a pair of pitted boots
 26409 | IceCv    | Identified the +1 pair of boots "Boxkipat" {-Tele +Inv Int+3 Dex+3} (You found it in an ice cave)
 26548 | Orc:2    | Found Pibruwi's Book Emporium.
 27541 | Orc:2    | Found Juynoid's Antique Armour Boutique.
 27629 | Orc:2    | Killed an orc warlord
 27748 | Orc:2    | Paralysed by an orc sorcerer for 7 turns
 28092 | Orc:2    | Noticed Erolcha
 28117 | Orc:2    | Killed Erolcha
 28117 | Orc:2    | Reached XP level 14. HP: 105/105 MP: 7/23
 28257 | Orc:2    | Found Jallecener's General Store.
 28384 | Orc:2    | Learned a level 6 spell: Ozocubu's Refrigeration
 28397 | Orc:2    | Bought a scroll of blinking for 97 gold pieces
 28581 | Orc:2    | Found Roant's Book Shoppe.
 29642 | Orc:2    | Bought a book of Battle for 600 gold pieces
 29646 | Orc:2    | Learned a level 3 spell: Spectral Weapon
 29683 | Orc:2    | Bought a scroll of remove curse for 39 gold pieces
 29683 | Orc:2    | Bought a potion of curing for 39 gold pieces
 29683 | Orc:2    | Bought a scroll of identify for 26 gold pieces
 29683 | Orc:2    | Bought a scroll of identify for 26 gold pieces
 29683 | Orc:2    | Bought 3 scrolls of fog for 78 gold pieces
 29683 | Orc:2    | Identified a scroll of acquirement
 29774 | Orc:2    | Bought a book of Minor Magic for 220 gold pieces
 29806 | Orc:1    | Bought a potion of cancellation for 104 gold pieces
 29806 | Orc:1    | Bought a potion of ambrosia for 104 gold pieces
 29806 | Orc:1    | Bought a potion of mutation for 104 gold pieces
 29806 | Orc:1    | Bought a potion of curing for 39 gold pieces
 29806 | Orc:1    | Bought a potion of haste for 130 gold pieces
 29806 | Orc:1    | Bought a potion of brilliance for 52 gold pieces
 29806 | Orc:1    | Bought a potion of curing for 39 gold pieces
 30900 | D:10     | Reached skill level 17 in Polearms
 31475 | D:12     | Noticed Thaneod's ghost (journeyman DsBe)
 32535 | D:12     | Reached skill level 18 in Polearms
 33253 | D:13     | Noticed GameOver's ghost (journeyman NaFE)
 33307 | D:13     | Killed GameOver's ghost
 33514 | D:13     | Reached skill level 19 in Polearms
 34186 | D:13     | Found a gate to the Vaults.
 35239 | D:14     | Reached skill level 20 in Polearms
 35415 | D:14     | Reached XP level 15. HP: 99/110 MP: 6/24
 35442 | D:13     | HP: 5/110 [something (4)]
 35443 | D:13     | Slain by a ghost moth (shapeshifter)

Vault maps used:
D:1:      onia_arrival_mini_spirals
D:2:      grunt_temple_overflow_order_and_chaos_1,
          nicolae_dithmenos_through_a_glass_darkly, old_standard_altar,
          lightli_corner_chamber
D:3:      makhleb_heckhound_becter
D:4:      lemuel_crystal_altar, nicolae_overflow_hidden_temple, first_ration
D:5:      kennysheep_mini_moat, minmay_temple_entry_enclosed_plants,
          serial_shops, nicolae_shop_window_shopping, minivault_14,
          minivault_19, nemelex_dance_club_becter, uniq_grinder
D:6:      uniq_prince_ribbit1
D:7:      old_standard_altar, serial_shops, nicolae_shop_crystal, uniq_duvessa
D:8:      serial_glass, glass_columns_c, glass_columns_a, glass_columns_a,
          glass_columns_a, glass_columns_a, glass_columns_b, glass_columns_c,
          glass_columns_b, glass_columns_c, glass_columns_a, hangedman_ranch,
          lemuel_mausoleum_altar_yredelemnul, uniq_psyche
D:9:      lemuel_crystal_altar, yredelemnul_forgotten_temple_becter, uniq_erica,
          uniq_grum
D:10:     lair_entry_dummy, orc_0_dummy, serial_ice, serial_ice_e, serial_ice_a,
          serial_ice_m, serial_ice_n, serial_ice_c, serial_ice_g
D:12:     minmay_big_diamond_grid
D:13:     david_vaults_4, serial_glass, glass_columns_b, glass_columns_c,
          glass_columns_b, minmay_gold_behind_fungi, st_stairs_11
D:14:     hourglass_vault, nrook_uturn, uniq_sonja, uniq_roxanne
Lair:1:   wad_woods_minihive
Lair:2:   spider_nest_entry_rubble, nicolae_volcano_entry_hallway
Lair:4:   swamp_mist_pool, st_stairs_11, minmay_hedge_maze, roderic_batcave,
          nicolae_quartered_pool_medium, serial_bayou_shore_b
Lair:5:   pond, uniq_snorg
Orc:1:    serial_shops, shop
Orc:2:    grunt_orc_gardens, grunt_orc_garden, grunt_orc_garden,
          grunt_orc_garden, grunt_orc_garden, serial_shops, shop,
          portal_ice_cave_entry_pillars_2, mines4_lemuel, uniq_erolcha
Abyss:1:  hangedman_abyss_sting
IceCv:    ice_cave_tombish
Volcano:  volcano_overflow

Skill      XL: |  1  2  3  4  5  6  7  8  9 10 11 12 13 14 |
---------------+-------------------------------------------+-----
Ice Magic      | 4 5 6 7 8 10 11 13 14 | 14.0
Shields        | 1 3 4 |  4.0
Fighting       | 3 6 8 |  8.0
Dodging        | 5 7 8 10 | 10.0
Charms         | 2 4 6 |  6.0
Conjurations   | 2 4 |  4.0
Stealth        | 4 |  4.1
Spellcasting   | 4 6 |  6.2
Evocations     | 4 |  4.2
Invocations    | 6 |  6.0
Polearms       | 13 16 20 | 20.0

Action                   |  1- 3 |  4- 6 |  7- 9 | 10-12 | 13-15 || total
-------------------------+-------+-------+-------+-------+-------++-------
Melee: Mace              |     3 |       |       |       |       ||     3
       Short sword       |    35 |    48 |    27 |       |       ||   110
       Dagger            |       |       |   285 |     5 |       ||   290
       War axe           |       |       |   175 |   369 |       ||   544
       Halberd           |       |       |       |   139 |  1172 ||  1311
       Trident           |       |       |       |    53 |       ||    53
       Glaive            |       |       |       |       |   123 ||   123
Throw: Stone             |    10 |     1 |       |     1 |       ||    12
       Tomahawk          |       |     6 |    12 |    38 |     8 ||    64
 Cast: Freeze            |    40 |    41 |   130 |   311 |    44 ||   566
       Ozocubu's Armour  |     3 |     6 |    48 |    80 |   103 ||   240
       Throw Frost       |       |     5 |    13 |    19 |     6 ||    43
       Throw Icicle      |       |       |       |    21 |   112 ||   133
       Regeneration      |       |       |       |     2 |    33 ||    35
       Spectral Weapon   |       |       |       |       |    15 ||    15
       Ozocubu's Refrige |       |       |       |       |     7 ||     7
Invok: Minor Destruction |       |       |       |     3 |     3 ||     6
       Lesser Servant of |       |       |       |    10 |    25 ||    35
Evoke: Wand              |       |       |     7 |       |     1 ||     8
  Use: Scroll            |       |       |    13 |    10 |    16 ||    39
       Potion            |       |       |     4 |     2 |     7 ||    13
 Stab: Sleeping          |     6 |       |     8 |     2 |    11 ||    27
       Distracted        |       |       |       |     3 |     7 ||    10
  Eat: Chunk             |     6 |     8 |    16 |    42 |    74 ||   146
       Ration            |       |       |     7 |     2 |       ||     9
Armor: Robe              |    10 |    30 |   157 |   211 |   221 ||   629
       Skin              |       |       |    24 |       |       ||    24
       Leather armour    |       |       |       |   121 |   125 ||   246
Dodge: Dodged            |    46 |    71 |   348 |   739 |   944 ||  2148
Block: Buckler           |       |       |   126 |   188 |       ||   314

Table legend:
 A = Spawn XP
 B = Non-spawn XP
 C = Spawn XP percentage of total XP
 D = Spawn monster count
 E = Non-spawn monster count
 F = Spawn count percentage of total count
 G = Total turns spent on level
                    A         B        C        D         E        F      G
               +---------+---------+-------+---------+---------+-------+---------
         Total |     675 |   86153 |   0.8 |       4 |     607 |   0.7 | 35443
               +---------+---------+-------+---------+---------+-------+---------
           D:1 |       0 |      25 |   0.0 |       0 |      14 |   0.0 |  1345
           D:2 |       0 |      29 |   0.0 |       0 |      14 |   0.0 |  1588
           D:3 |       0 |     308 |   0.0 |       0 |      25 |   0.0 |  1547
           D:4 |       0 |     866 |   0.0 |       0 |      16 |   0.0 |  1384
           D:5 |       0 |     750 |   0.0 |       0 |      10 |   0.0 |  1029
           D:6 |       0 |     915 |   0.0 |       0 |      23 |   0.0 |  1506
           D:7 |       0 |     957 |   0.0 |       0 |      25 |   0.0 |  1260
           D:8 |       0 |    5309 |   0.0 |       0 |      48 |   0.0 |  3110
           D:9 |       0 |    2998 |   0.0 |       0 |      16 |   0.0 |  1314
          D:10 |       0 |    6867 |   0.0 |       0 |      53 |   0.0 |  2832
          D:11 |       0 |    4401 |   0.0 |       0 |      24 |   0.0 |  1116
          D:12 |       0 |    8342 |   0.0 |       0 |      50 |   0.0 |  1999
          D:13 |       0 |    9776 |   0.0 |       0 |      31 |   0.0 |  1523
          D:14 |       0 |    4105 |   0.0 |       0 |      18 |   0.0 |   763
        Lair:1 |       0 |    7717 |   0.0 |       0 |      66 |   0.0 |  2986
        Lair:2 |       0 |    1573 |   0.0 |       0 |      10 |   0.0 |   876
        Lair:3 |       0 |    3640 |   0.0 |       0 |      14 |   0.0 |  1042
        Lair:4 |       0 |    5256 |   0.0 |       0 |      30 |   0.0 |  1409
        Lair:5 |       0 |     631 |   0.0 |       0 |       6 |   0.0 |   434
         Orc:1 |       0 |    7245 |   0.0 |       0 |      44 |   0.0 |  2092
         Orc:2 |       0 |    9085 |   0.0 |       0 |      45 |   0.0 |  2043
       Abyss:1 |     675 |     404 |  62.6 |       4 |       3 |  57.1 |   608
         IceCv |       0 |    3572 |   0.0 |       0 |      18 |   0.0 |  1345
       Volcano |       0 |    1382 |   0.0 |       0 |       4 |   0.0 |   292
               +---------+---------+-------+---------+---------+-------+---------
